 Dungeon Crawl Stone Soup version 0.30-b1-2-g02819fbbbe (webtiles) character file.

Game seed: 3309618758771027803

2407 MirrMurr the Skirmisher (level 9, -5/36 HPs)
             Began as a Spriggan Hunter on May 20, 2023.
             Was a Follower of Hepliaklqana.
             Slain by a boulder beetle (41 damage)
             ... on level 7 of the Dungeon.
             The game lasted 00:19:22 (7924 turns).

MirrMurr the Skirmisher (Spriggan Hunter)           Turns: 7924, Time: 00:19:23

Health: -5/36      AC:  6    Str:  9    XL:     9   Next: 23%
Magic:  13/13      EV: 24    Int: 11    God:    Hepliaklqana [*.....]
Gold:   389        SH:  0    Dex: 20    Spells: 8/8 levels left

rFire   . . .        a - +1 shortbow
rCold   . . .        (shield currently unavailable)
rNeg    . . .        o - +0 steam dragon scales
rPois   .            (helmet restricted)
rElec   .            r - +0 cloak
rCorr   .            (gloves unavailable)
SInv    +            (boots unavailable)
Will    +....        (no amulet)
Stlth   ++           (no ring)
HPRegen 0.26/turn    (no ring)
MPRegen 0.13/turn

%: no passive effects
@: very quick
A: reduced essence, very small, no large weapons, unfitting armour, see
invisible, speed 3
a: Renounce Religion, Recall Ancestor, Ancestor Identity


You were on level 7 of the Dungeon.
You worshipped Hepliaklqana.
Hepliaklqana was aware of your devotion.
You visited 2 branches of the dungeon, and saw 8 of its levels.

You collected 389 gold pieces.

Inventory:

Hand Weapons
 a - a +1 shortbow (weapon)
 b - a +2 dagger of venom
Missiles
 e - 77 stones
 j - 12 poisoned darts
 s - 6 boomerangs
 v - 2 throwing nets
Armour
 o - +0 steam dragon scales (worn)
 r - a +0 cloak (worn)
Jewellery
 l - an amulet of reflection
 n - a ring of poison resistance
 t - an amulet of faith
 u - a ring of flight
Wands
 p - a wand of digging (1)
 y - a wand of acid (2)
Scrolls
 c - a scroll of identify
 d - 2 scrolls of teleportation
 h - 3 scrolls of immolation
Potions
 f - 2 potions of flight
 g - a potion of heal wounds
 i - a potion of invisibility {unknown}
 k - 3 potions of might
 m - 3 potions of mutation
 q - 2 potions of cancellation
 x - a potion of curing
 A - a potion of haste {unknown}


   Skills:
 - Level 1.5 Fighting
 * Level 10.2 Ranged Weapons
 + Level 9.0 Dodging
 - Level 1.5 Stealth
 + Level 4.7 Invocations


You had 8 spell levels left.
You didn't know any spells.
Your spell library contained the following spells:

 Spells                   Type           Power      Damage    Failure   Level
 Dazzling Flash           Conj/Hex       0%         N/A       71%         3
 Vhi's Electric Charge    Tloc/Air       0%         N/A       71%         3
 Agony                    Necr           0%         N/A       100%        5
 Arcjolt                  Conj/Air       0%         1d10      100%        5
 Silence                  Hex/Air        0%         N/A       100%        5
 Plasma Beam              Fire/Air       0%         2x1d11    100%        6


Dungeon Overview and Level Annotations

Branches:
Dungeon (7/15)             Temple (1/1) D:4

Altars:
Dithmenos
Elyvilon
Fedhas
Gozag
Hepliaklqana
Ru
Sif Muna
Vehumet
Wu Jian
Xom
Zin
The Shining One

Shops:
D:2 ?

Annotations:
D:2 Sigmund
D:6 Pikel


Innate Abilities, Weirdness & Mutations

Your life essence is reduced to manifest your ancestor. (-10% HP)
You are very small and have problems with some larger weapons.
You are too small for most types of armour.
You have supernaturally acute eyesight. (SInv)
You cover ground extremely quickly. (Speed+++)


Message History

The arrow hits the boulder beetle but does no damage.
The boulder beetle is lightly wounded.
Aiming: Corrosive Bolt
Press: ? - help, Shift-Dir - straight line, f - you, p - boulder beetle
Okay, then.
You shoot an arrow.
The arrow completely misses the boulder beetle.
Aiming: Corrosive Bolt
Press: ? - help, Shift-Dir - straight line, f/p - boulder beetle
Aim: a boulder beetle (lightly wounded, 100% to hit)
The bolt of acid hits the boulder beetle!
The boulder beetle is lightly wounded.
Aiming: Corrosive Bolt
Press: ? - help, Shift-Dir - straight line, f/p - boulder beetle
Aim: a boulder beetle (lightly wounded, 100% to hit)
The bolt of acid hits the boulder beetle but does no damage.
The boulder beetle is lightly wounded.
Aiming: Corrosive Bolt
Press: ? - help, Shift-Dir - straight line, f/p - boulder beetle
Aim: a boulder beetle (lightly wounded, 100% to hit)
The bolt of acid hits the boulder beetle.
The boulder beetle is lightly wounded.
The boulder beetle leaps!
You shoot an arrow. The arrow hits the boulder beetle!
The boulder beetle is lightly wounded.
The boulder beetle curls into a ball and begins rolling!
You shoot an arrow. The arrow hits the boulder beetle.
The boulder beetle is moderately wounded.
You shoot an arrow.
The arrow hits the boulder beetle but does no damage.
The boulder beetle is moderately wounded.
You shoot an arrow.
The arrow hits the boulder beetle but does no damage.
The boulder beetle is moderately wounded.
You shoot an arrow.
The arrow hits the boulder beetle but does no damage.
The boulder beetle is lightly wounded.
The boulder beetle hits you!!!
Ouch! That really hurt!
You die...

#.......###.....#
#.#.# ##..#
#.......'....#
#.#####..
#.......#...)#
#........
#.......#....#
#..######
#########....# #..#
#....##############
#.................#
#.....###########.#
#...@.#..<......#.#
#.#.#B#.#.#####.#.#
#.#.#°#.#.......#.#
#.#.#°#.#..######.#
#.#.#.#.#.[..[....#
#.#.#.#.#...#######
#.#.#.#.#...#
#.#.#.#.###.#
#.#.#.#.....#


You could see a boulder beetle (rolling).

Vanquished Creatures
  Maggie (D:7)
  Grinder (D:3)
  Edmund (D:4)
  A sky beast (D:7)
  2 ogres
  2 lemures (D:6)
  5 scorpions
  A gnoll sergeant (D:6)
  3 wights
  6 killer bees (D:7)
  A howler monkey (D:5)
  2 hounds
  An orc priest (D:5)
  Crazy Yiuf (D:2)
  5 iguanas
  3 sleepcaps
  Natasha (thrice) (D:3)
  2 orc wizards
  Robin (D:2)
  3 gnolls (D:7)
  6 adders
  An ufetubus (D:7)
  2 worms
  2 dart slugs
  16 orcs
  10 bats
  9 endoplasms
  2 giant cockroaches (D:4)
  24 goblins
  5 hobgoblins
  8 jackals
  7 quokkas
  6 ball pythons
  4 frilled lizards
  6 kobolds
  2 rats
155 creatures vanquished.

Vanquished Creatures (collateral kills)
  A lemure (D:6)
  An orc priest (D:6)
  A sleepcap (D:6)
  A gnoll (D:7)
  An ufetubus (D:6)
  3 orcs
8 creatures vanquished.

Vanquished Creatures (others)
  8 ancestors
8 creatures vanquished.

Grand Total: 171 creatures vanquished

Notes
Turn   | Place    | Note
-------+----------+-------------------------------------------
     0 | D:1      | MirrMurr the Spriggan Hunter began the quest for the Orb.
     0 | D:1      | Reached XP level 1. HP: 10/10 MP: 2/2
    88 | D:1      | Found a faded altar of an unknown god.
   278 | D:1      | Reached XP level 2. HP: 14/14 MP: 3/3
   942 | D:2      | Reached XP level 3. HP: 18/18 MP: 4/4
  1089 | D:2      | Found Atydeanu's Magic Scroll Shoppe.
  1092 | D:2      | Noticed Sigmund
  1229 | D:2      | Reached skill level 5 in Ranged Weapons
  1533 | D:2      | Found a runed translucent door.
  1534 | D:2      | Noticed Crazy Yiuf
  1634 | D:2      | Killed Crazy Yiuf
  1635 | D:2      | Reached XP level 4. HP: 22/22 MP: 5/5
  1781 | D:3      | Noticed Grinder
  1782 | D:3      | Paralysed by Grinder for 4 turns
  2043 | D:3      | Paralysed by Grinder for 4 turns
  2052 | D:3      | Killed Grinder
  2053 | D:3      | Reached skill level 6 in Ranged Weapons
  2053 | D:3      | Reached skill level 5 in Dodging
  2053 | D:3      | Reached XP level 5. HP: 22/25 MP: 6/6
  2053 | D:3      | Reached XP level 6. HP: 26/30 MP: 7/7
  2268 | D:3      | Noticed Robin
  2358 | D:2      | Killed Robin
  2493 | D:3      | Found a shimmering blue altar of Sif Muna.
  2600 | D:3      | Noticed Natasha
  2609 | D:3      | Killed Natasha
  2957 | D:3      | Found a shimmering blue altar of Sif Muna.
  2974 | D:3      | Noticed Natasha
  3021 | D:3      | Killed Natasha
  3022 | D:3      | Reached skill level 7 in Ranged Weapons
  3128 | D:3      | Found a shimmering blue altar of Sif Muna.
  3206 | D:3      | Noticed Natasha
  3213 | D:3      | Killed Natasha
  3505 | D:4      | Noticed Edmund
  3602 | D:4      | Found a staircase to the Ecumenical Temple.
  3614 | D:4      | Reached XP level 7. HP: 33/33 MP: 8/8
  3619 | Temple   | Entered the Ecumenical Temple
  3732 | Temple   | Became a worshipper of Hepliaklqana the Forgotten
  4003 | D:4      | Found an opulent altar of Gozag.
  4094 | D:4      | Reached skill level 1 in Invocations
  4111 | D:4      | Killed Edmund
  4361 | D:4      | Reached skill level 8 in Ranged Weapons
  4531 | D:4      | Found a glowing silver altar of Zin.
  4627 | D:5      | Entered Level 5 of the Dungeon
  4949 | D:5      | Reached XP level 8. HP: 29/37 MP: 10/10
  5394 | D:5      | Reached * piety under Hepliaklqana
  5899 | D:6      | Reached skill level 9 in Ranged Weapons
  6200 | D:6      | Noticed Pikel
  6566 | D:5      | Found a blossoming altar of Fedhas.
  7261 | D:7      | Noticed Maggie
  7284 | D:7      | Killed Maggie
  7285 | D:7      | Reached XP level 9. HP: 29/36 MP: 13/13
  7371 | D:7      | Reached skill level 10 in Ranged Weapons
  7665 | D:7      | Noticed a troll
  7671 | D:7      | Noticed a boulder beetle
  7924 | D:7      | Slain by a boulder beetle

Illustrated notes

Levels and vault maps discovered:
D:1:      heliophobic_arrival_ceremonial_halls, layout_basic,
          chequers_ecumenical_altar_island
D:2:      layout_basic, serial_shops, shop, minmay_vboxes,
          uniq_crazy_yiuf_cottage, uniq_sigmund
D:3:      layout_rooms, lemuel_doored_altar, uniq_robin, uniq_natasha,
          uniq_grinder
D:4:      layout_cave_pools, pdpol_temple_overflow_zin_treasury_gozag_greed,
          minmay_temple_entry_water_ring, minmay_stone_trees_medium,
          minmay_strange_pillars, amcnicky_mini_corridor_feature, st_stairs_2,
          minmay_misc_feat_encased, uniq_edmund
D:5:      layout_basic, nicolae_overflow_hidden_temple, serial_glass,
          glass_columns_a, glass_columns_a, glass_columns_b, glass_columns_a,
          glass_columns_c, glass_columns_a, nicolae_hexahallways
D:6:      layout_basic, kennysheep_generic_room_12, uniq_pikel
D:7:      minmay_cornered_nines, layout_basic, serial_shops, shop,
          minmay_misc_feat_pillars, uniq_duvessa, uniq_maggie
Temple:   nicolae_temple_superstar

Skill      XL: |  1  2  3  4  5  6  7  8  9 |
---------------+----------------------------+-----
Dodging        | 3 4 5 6 7 8 9 |  9.0
Ranged Weapons | 5 6 7 8 9 10 | 10.2
Invocations    | 2 4 |  4.7
Fighting       | |  1.5
Stealth        | |  1.5

Action                     |  1- 3 |  4- 6 |  7- 9 || total
---------------------------+-------+-------+-------++-------
   Fire: Shortbow          |   115 |   191 |   444 ||   750
 Invoke: Recall Ancestor   |       |       |     1 ||     1
         Ancestor Identity |       |       |     1 ||     1
  Evoke: Wand              |       |       |     3 ||     3
    Use: Scroll            |       |       |    11 ||    11
         Potion            |       |       |     1 ||     1
 Armour: Robe              |     3 |     1 |     4 ||     8
         Steam dragon scal |       |       |     1 ||     1
  Dodge: Dodged            |    30 |    41 |   110 ||   181
